 Dungeon Crawl Stone Soup version 0.21-a0-43-g1479571 (webtiles) character file.

45511 roguesci the Fighter (level 14, -19/115 HPs)
             Began as a Vine Stalker Transmuter on June 5, 2017.
             Was the Champion of Kikubaaqudgha.
             Killed from afar by a lindwurm (35 damage)
             ... with a blast of flame
             ... on level 5 of the Lair of Beasts on June 6, 2017.
             The game lasted 02:26:01 (25273 turns).

roguesci the Fighter (Vine Stalker Transmuter)     Turns: 25273, Time: 02:26:02

Health: -19/115    AC:  2    Str: 20    XL:     14   Next: 33%
Magic:  0/26       EV: 31    Int: 19    God:    Kikubaaqudgha [******]
Gold:   381        SH:  0    Dex: 23    Spells: 15/28 levels left

rFire    . . .     SeeInvis .     - Unarmed
rCold    . . .     Gourm    .   (shield currently unavailable)
rNeg     + . .     Faith    .   (armour currently unavailable)
rPois    x         Spirit   +   (helmet currently unavailable)
rElec    .         Reflect  .   (cloak currently unavailable)
rCorr    .         Harm     .   (gloves currently unavailable)
MR       +....     Clarity  +   (boots currently unavailable)
Stlth    ..........             j - amulet of regeneration
Regen    1.5/turn               h - +4 ring of dexterity
MPRegen  0.2/turn               p - ring of positive energy

@: berserking, spider-form, very quick
A: clarity, clever 1, regeneration 2, magic shield, no potion heal 3, rot
immunity
a: End Transformation, Receive Corpses, Torment, Brand Weapon With Pain, Receive
Necronomicon, Renounce Religion


You were on level 5 of the Lair of Beasts.
You worshipped Kikubaaqudgha.
Kikubaaqudgha was exalted by your worship.
You were hungry.
You were a venomous arachnid creature.
You visited 3 branches of the dungeon, and saw 19 of its levels.

You collected 888 gold pieces.
You spent 507 gold pieces at shops.

Inventory:

Hand Weapons
 b - the +6 falchion of Greed {slice, +Inv Int+4}
   (You found it on level 3 of the Lair of Beasts)

   It inflicts extra damage upon your enemies.
   It affects your intelligence (+4).
   It lets you turn invisible.
Missiles
 a - 547 stones (quivered)
 R - 3 throwing nets
Armour
 k - a +0 cloak (melded)
 m - a +0 buckler (melded)
 r - a +1 pair of boots (melded)
 w - a +2 hat (melded)
 K - a +1 robe of cold resistance
 N - the +0 pair of gloves "Redwur" (melded) {rC+}
   (You found it on level 11 of the Dungeon)

   It protects you from cold.
 V - a +2 robe of the Archmagi
Jewellery
 e - an uncursed ring of stealth
 h - a +4 ring of dexterity (left front leg)
 j - an amulet of regeneration (around neck)
 p - a ring of positive energy (right front leg)
 u - the ring of the Townfolk {rPois rC+}
   (You found it on level 3 of the Lair of Beasts)

   [ring of poison resistance]

   It protects you from cold.
   It protects you from poison.
 A - an uncursed ring of poison resistance
 H - an uncursed ring of ice
 I - an uncursed ring of magical power
Wands
 z - a wand of iceblast (6/15)
 S - a wand of flame (0/48)
 W - a wand of digging (7/24)
Scrolls
 f - a scroll of enchant weapon {unknown}
 g - a scroll of fear {unknown}
 l - 3 scrolls of amnesia
 o - 2 scrolls of immolation
 t - 4 scrolls of fog
 y - 2 scrolls of enchant armour
 B - a scroll of magic mapping {unknown}
 C - a scroll of recharging {unknown}
 D - 5 scrolls of remove curse
 E - a scroll of silence {unknown}
 F - a scroll of blinking {unknown}
 M - a scroll of identify
 O - a scroll of vulnerability {unknown}
 Q - a scroll of brand weapon {unknown}
 U - a scroll of teleportation
Potions
 v - 3 potions of flight
 G - 2 potions of brilliance
 J - 2 potions of curing
 T - 2 potions of cancellation
 Y - a potion of might
Books
 c - a book of Changes

   Spells                             Type                      Level
   a - Beastly Appendage              Transmutation                1
   b - Sticks to Snakes               Transmutation                2
   c - Spider Form                    Transmutation/Poison         3
   d - Ice Form                       Ice/Transmutation            4
   e - Blade Hands                    Transmutation                5
 i - a book of Maledictions

   Spells                             Type                      Level
   a - Corona                         Hexes                        1
   b - Ensorcelled Hibernation        Hexes/Ice                    2
   c - Confuse                        Hexes                        3
   d - Tukima's Dance                 Hexes                        3
   e - Dazzling Spray                 Conjuration/Hexes            3
 s - Kikubaaqudgha's Handbook of Necromancy
   (Kikubaaqudgha gifted it to you on level 3 of the Dungeon)

   Spells                             Type                      Level
   a - Animate Skeleton               Necromancy                   1
   b - Corpse Rot                     Necromancy                   2
   c - Sublimation of Blood           Necromancy                   2
   d - Regeneration                   Charms/Necromancy            3
   e - Control Undead                 Necromancy                   4
 L - Kikubaaqudgha's Papyrus of Necromancy
   (Kikubaaqudgha gifted it to you on level 9 of the Dungeon)

   Spells                             Type                      Level
   a - Animate Dead                   Necromancy                   4
   b - Excruciating Wounds            Charms/Necromancy            5
   c - Bolt of Draining               Conjuration/Necromancy       5
   d - Agony                          Necromancy                   5
   e - Dispel Undead                  Necromancy                   5
Miscellaneous
 Z - a crystal ball of energy
Comestibles
 d - 9 bread rations
 n - 9 meat rations
 q - 7 royal jellies
 x - 8 fruits


   Skills:
 * Level 10.2 Fighting
 * Level 9.7 Dodging
 + Level 10.0 Stealth
 + Level 6.8 Shields
 + Level 8.4 Unarmed Combat
 + Level 7.9 Spellcasting
 + Level 4.3 Charms
 + Level 6.5 Necromancy
 - Level 7.0 Transmutations
 - Level 5.0 Poison Magic


You had 15 spell levels left.
You knew the following spells:

 Your Spells              Type           Power        Failure   Level  Hunger
a - Beastly Appendage     Tmut           ####..       3%          1    None
b - Spider Form           Tmut/Pois      ####......   9%          3    None
c - Regeneration          Chrm/Necr      ####......   11%         3    None
d - Animate Skeleton      Necr           N/A          4%          1    None
e - Agony                 Necr           ####....     36%         5    #####..


Dungeon Overview and Level Annotations

Branches:
Dungeon (12/15)            Temple (1/1) D:6            Lair (6/6) D:11
 Shoals (0/4) Lair:4        Snake (0/4) Lair:2
  Slime: Lair:5-6       Orc: D:9-12

Altars:
Ashenzari
Cheibriados
Dithmenos
Elyvilon
Fedhas
Gozag
Hepliaklqana
Kikubaaqudgha
Makhleb
Nemelex Xobeh
Okawaru
Qazlal
Ru
Sif Muna
Trog
Uskayaw
Vehumet
Wu Jian
Xom
Yredelemnul
Zin
The Shining One

Shops:
D:4 [   D:6 ?   D:7 :   D:12 [

Annotations:
Lair:1 exclusion: 2 oklob plants
Lair:2 exclusion: 3 oklob plants


Innate Abilities, Weirdness & Mutations

((You have razor-sharp teeth.))
You heal very quickly.
When hurt, damage is shared between your health and your magic reserves.
((Your bite disrupts and absorbs the magic of your enemies.))
Potions cannot restore your health.
You are immune to rotting.
((You are partially covered in iridescent scales. (AC +2)))
You possess an exceptional clarity of mind.
Your mind is acute. (Int +2)
((Your flesh is heat resistant. (rF+)))


Message History

The lindwurm claws your spiny frog skeleton! x2
Your spiny frog skeleton hits the lindwurm!
The lindwurm bites something!
The lindwurm claws something!
Unknown command.
The lindwurm breathes flames at you. The blast of flame hits you!
* * * LOW HITPOINT WARNING * * *
A red film seems to cover your vision as you go berserk!
You feel yourself moving faster!
You feel mighty!
You feel a strong urge to attack something.
The lindwurm closely misses you. The lindwurm misses you.
The lindwurm completely misses you.
You completely miss the lindwurm.
The lindwurm is almost dead.
You hit the lindwurm but do no damage.
The lindwurm is poisoned.
The lindwurm is almost dead.
The lindwurm breathes flames at you. The blast of flame hits you!
You die...
Kikubaaqudgha rasps: "You have failed me!
Welcome... death!"

.##P....#P..........# ### ##..
........##.........######.#####.P
..........+.>......###P.#.##.....
..........#.........##...)..(....
........#......>.......#...#...##
................%..###.#######..#
....<...##P........# ### ##.##
.#..#....#.....k...# ##..##
#.....#.####...#s.## ##.#..#
##.#P...# ####....# #....##
#..###### ##P.#### ##.#.# [+#.##
#.P'##.# ##..# .....######
#.....## ###P.+##
.....##.P.####.....P######......#
............#.......#....#..<....
......#.##......................#
......#..####......+..##.#......P


You could see a lindwurm.

Vanquished Creatures
  4 hydras
  Erica (D:8)
  Harold (Lair:2)
  An ice dragon (Lair:2)
  A catoblepas (Lair:5)
  A centaur warrior (D:11)
  4 two-headed ogres
  Nergalle (D:10)
  Pikel (D:4)
  4 ugly things
  A manticore (D:11)
  An elephant (Lair:6)
  An ice statue (Lair:3)
  Psyche (D:10)
  6 spiny frogs
  A rime drake (Lair:3)
  5 komodo dragons
  A tengu conjurer (D:11)
  The ghost of blackwizard the Caller, an amateur TrSu of Ashenzari (D:4)
  A queen bee (D:9)
  4 polar bears
  3 trolls
  Grinder (D:4)
  7 blink frogs
  9 hippogriffs
  4 wyverns
  37 yaks
  3 basilisks
  3 vampire mosquitoes (D:11)
  Menkaure (D:3)
  Edmund (D:4)
  4 nagas (Lair:2)
  15 water moccasins
  6 porcupines
  8 orc warriors
  2 slaves (D:3)
  6 sky beasts
  5 phantoms
  8 ice beasts
  8 ogres
  4 black bears
  A necrophage (D:9)
  12 wolves
  The ghost of Borgoz the Ducker, an amateur DsGl (D:3)
  8 centaurs
  6 crocodiles
  A big kobold (D:7)
  2 gnoll sergeants
  14 bullfrogs
  A wyvern zombie (D:9)
  A wyvern skeleton (D:9)
  26 killer bees
  4 wights
  4 howler monkeys
  2 electric eels (Lair:3)
  8 crimson imps
  A centaur zombie (D:9)
  A quasit (D:11)
  A bullfrog zombie (D:5)
  5 centaur skeletons
  2 jellies
  14 hounds
  4 orc priests
  A bullfrog skeleton (D:10)
  7 orc wizards
  Crazy Yiuf (D:4)
  4 iguanas
  12 worker ants
  A killer bee zombie (D:8)
  A hound zombie (D:10)
  A hound skeleton (D:5)
  A worker ant zombie (D:10)
  9 adders
  18 gnolls
  2 howler monkey skeletons (D:9)
  2 shadow imps
  A white imp (Lair:3)
  5 oozes
  An adder skeleton (D:8)
  An adder zombie (D:8)
  A worm (D:2)
  6 leopard geckos
  38 orcs
  8 giant cockroaches
  5 goblins
  16 hobgoblins
  7 jackals
  10 kobolds
  5 quokkas
  2 ball pythons
  5 bats
  3 frilled lizards
  A giant cockroach zombie (D:5)
  A quokka skeleton (D:9)
  9 rats
  A spectral orc (D:2)
  A plant (Lair:2)
483 creatures vanquished.

Vanquished Creatures (collateral kills)
  Rupert (Lair:3)
  Nessos (Lair:5)
  2 hydras
  An elephant (Lair:5)
  A black mamba (Lair:6)
  A komodo dragon (Lair:3)
  2 blink frogs
  2 yaks
  2 basilisks
  A water moccasin (Lair:2)
  A porcupine (Lair:4)
  An ice beast (Lair:3)
  2 crocodiles
  An electric eel (Lair:3)
  A white imp (Lair:3)
  3 fungi (Lair:2)
  2 plants (Lair:2)
25 creatures vanquished.

Vanquished Creatures (others)
  2 blink frogs (Lair:6)
  2 slaves (D:4)
  An electric eel (D:12)
  2 howler monkeys (D:12)
  An orc wizard (D:4)
  A quokka (D:9)
  7 fungi
  5 plants
21 creatures vanquished.

Grand Total: 529 creatures vanquished

Notes
Turn   | Place    | Note
-------+----------+-------------------------------------------
     0 | D:1      | roguesci the Vine Stalker Transmuter began the quest for the Orb.
     0 | D:1      | Reached XP level 1. HP: 9/9 MP: 4/4
    73 | D:1      | Reached skill level 1 in Fighting
   248 | D:1      | Reached XP level 2. HP: 6/14 MP: 1/6
   475 | D:1      | Reached skill level 1 in Stealth
   946 | D:2      | Found a shadowy altar of Dithmenos.
   951 | D:2      | Reached XP level 3. HP: 18/18 MP: 7/7
   978 | D:2      | Learned a level 3 spell: Spider Form
  1147 | D:2      | Found a basalt altar of Yredelemnul.
  1226 | D:2      | Found a shimmering altar of Xom.
  1261 | D:2      | Found an ancient bone altar of Kikubaaqudgha.
  1553 | D:2      | Gained mutation: Your natural rate of healing is unusually fast. [Vine Stalker growth]
  1553 | D:2      | Reached XP level 4. HP: 20/23 MP: 8/8
  1742 | D:3      | Noticed a centaur
  1751 | D:3      | Killed a centaur
  1751 | D:3      | Reached skill level 1 in Poison Magic
  1751 | D:3      | Reached XP level 5. HP: 26/26 MP: 3/10
  1959 | D:3      | Noticed Borgoz's ghost (amateur DsGl)
  2396 | D:3      | Killed Borgoz's ghost
  2396 | D:3      | Reached XP level 6. HP: 28/30 MP: 7/11
  2592 | D:3      | Found a burning altar of Makhleb.
  2944 | D:2      | Became a worshipper of Kikubaaqudgha
  3016 | D:4      | Noticed Menkaure
  3022 | D:4      | Gained mutation: You are partially covered in iridescent scales. (AC +2) [potion of mutation]
  3022 | D:4      | Gained mutation: Your mind is acute. (Int +2) [potion of mutation]
  3022 | D:4      | Gained mutation: You possess an exceptional clarity of mind. [potion of mutation]
  3022 | D:4      | Gained mutation: Your flesh is heat resistant. (rF+) [potion of mutation]
  4424 | D:3      | Reached skill level 1 in Shields
  4438 | D:4      | Noticed a slave
  4899 | D:4      | Noticed a slave
  4921 | D:3      | Killed a slave
  5009 | D:3      | Killed a slave
  5362 | D:3      | Killed Menkaure
  5362 | D:3      | Reached XP level 7. HP: 35/35 MP: 9/12
  5389 | D:4      | Noticed blackwizard's ghost (amateur TrSu)
  5776 | D:4      | Noticed Pikel
  5800 | D:4      | Killed Pikel
  5800 | D:4      | Gained mutation: You have razor-sharp teeth. [Vine Stalker growth]
  5800 | D:4      | Reached XP level 8. HP: 25/40 MP: 6/14
  5867 | D:4      | Found Dum Deoh's Armour Shop.
  6071 | D:4      | Found an opulent altar of Gozag.
  6298 | D:4      | Noticed Edmund
  6317 | D:4      | Killed Edmund
  6475 | D:4      | Noticed Grinder
  6482 | D:4      | Paralysed by Grinder for 6 turns
  6505 | D:4      | Killed Grinder
  6505 | D:4      | Reached XP level 9. HP: 32/44 MP: 7/16
  6578 | D:4      | Found a runed door.
  6715 | D:3      | Reached * piety under Kikubaaqudgha
  6715 | D:3      | Identified Kikubaaqudgha's Handbook of Necromancy (Kikubaaqudgha gifted it to you on level 3 of the Dungeon)
  6715 | D:3      | Received a gift from Kikubaaqudgha
  6838 | D:3      | Learned a level 3 spell: Regeneration
  6840 | D:3      | Learned a level 1 spell: Animate Skeleton
  6980 | D:4      | Killed blackwizard's ghost
  7147 | D:4      | Noticed Crazy Yiuf
  7156 | D:4      | Killed Crazy Yiuf
  7202 | D:5      | Entered Level 5 of the Dungeon
  7254 | D:5      | Found a stormy altar of Qazlal.
  7422 | D:5      | Found a deep blue altar of Sif Muna.
  7511 | D:5      | Reached skill level 5 in Poison Magic
  8134 | D:4      | Reached skill level 5 in Stealth
  8134 | D:4      | Reached skill level 5 in Unarmed Combat
  8134 | D:4      | Reached skill level 1 in Necromancy
  8374 | D:6      | Reached skill level 5 in Dodging
  8561 | D:6      | Found a staircase to the Ecumenical Temple.
  8578 | Temple   | Entered the Ecumenical Temple
  8823 | D:6      | You fall through a shaft for 3 floors!
  8823 | D:9      | Noticed a two-headed ogre
  8823 | D:9      | Noticed a troll
  9134 | D:9      | Reached XP level 10. HP: 49/51 MP: 10/18
  9482 | D:7      | Reached ** piety under Kikubaaqudgha
  9790 | D:6      | Found Wajaam's Magic Scroll Emporium.
  9798 | D:6      | Upgraded the game from 0.21-a0-42-gb537e02 to 0.21-a0-43-g1479571
  9798 | D:6      | Bought a scroll of identify for 20 gold pieces
  9798 | D:6      | Bought a scroll of teleportation for 30 gold pieces
  9798 | D:6      | Bought a scroll of identify for 20 gold pieces
  9803 | D:6      | Bought a scroll of remove curse for 30 gold pieces
  9874 | D:6      | Reached skill level 5 in Fighting
  9953 | D:7      | Reached skill level 5 in Spellcasting
  9960 | D:7      | Found Poneh's Book Shoppe.
 10374 | D:7      | Found a blossoming altar of Fedhas.
 10457 | D:7      | Found a shadowy altar of Dithmenos.
 10459 | D:7      | Found a bloodstained altar of Trog.
 10520 | D:8      | Reached skill level 5 in Transmutations
 10900 | D:8      | Found a shattered altar of Ashenzari.
 11170 | D:8      | Noticed Erica
 11240 | D:8      | Killed Erica
 11380 | D:8      | Found an ornate altar of the Wu Jian Council.
 11397 | D:8      | Found a sparkling altar of Nemelex Xobeh.
 11400 | D:8      | Found a hazy altar of Hepliaklqana.
 11506 | D:9      | Found a white marble altar of Elyvilon.
 11527 | D:9      | Reached XP level 11. HP: 42/56 MP: 10/19
 11591 | D:9      | Reached *** piety under Kikubaaqudgha
 11591 | D:9      | Identified Kikubaaqudgha's Papyrus of Necromancy (Kikubaaqudgha gifted it to you on level 9 of the Dungeon)
 11591 | D:9      | Received a gift from Kikubaaqudgha
 11639 | D:9      | Killed a two-headed ogre
 11654 | D:10     | Entered Level 10 of the Dungeon
 12302 | D:9      | Reached **** piety under Kikubaaqudgha
 13308 | D:10     | Noticed Psyche
 13317 | D:10     | Killed Psyche
 13431 | D:10     | Noticed a red ugly thing
 13449 | D:10     | Killed a red ugly thing
 13542 | D:10     | Noticed Nergalle
 13568 | D:10     | Killed Nergalle
 13568 | D:10     | Reached skill level 5 in Shields
 14125 | D:10     | Gained mutation: You heal very quickly. [Vine Stalker growth]
 14125 | D:10     | Reached XP level 12. HP: 63/63 MP: 20/22
 14573 | D:11     | Found Feobaos's Antique Weapon Boutique.
 14767 | D:11     | Noticed a centaur warrior
 14792 | D:11     | Killed a centaur warrior
 14792 | D:11     | Reached ***** piety under Kikubaaqudgha
 14807 | D:11     | Noticed a two-headed ogre
 14810 | D:11     | Got a pair of heavily runed gloves
 14821 | D:11     | Identified the +0 pair of gloves "Redwur" {rC+} (You found it on level 11 of the Dungeon)
 14831 | D:11     | Killed a two-headed ogre
 15211 | D:11     | Noticed a two-headed ogre
 15366 | D:11     | Killed a two-headed ogre
 15590 | D:11     | Found a staircase to the Lair.
 15864 | D:12     | Noticed a two-headed ogre
 15996 | D:12     | Killed a two-headed ogre
 16151 | D:12     | Found Pubbopn's Armour Boutique.
 16154 | D:12     | Noticed an eight-headed hydra
 16342 | D:6      | Bought a scroll of teleportation for 30 gold pieces
 16407 | D:4      | Bought a +2 robe of the Archmagi for 377 gold pieces
 16635 | D:12     | HP: 1/64 [cyan ugly thing (14)]
 16806 | D:11     | Reached skill level 5 in Necromancy
 17150 | Lair:1   | Entered Level 1 of the Lair of Beasts
 17158 | Lair:1   | Reached skill level 1 in Charms
 17582 | Lair:1   | Reached XP level 13. HP: 69/69 MP: 24/24
 18861 | Lair:2   | Noticed Harold
 18901 | Lair:2   | Killed Harold
 19328 | Lair:2   | Found a staircase to the Snake Pit.
 19846 | Lair:2   | HP: 2/70 [acid (10)]
 20069 | Lair:3   | Noticed an ice dragon
 20495 | Lair:2   | Killed an ice dragon
 21053 | Lair:3   | Noticed Rupert
 21084 | Lair:3   | Killed Rupert
 21963 | Lair:4   | Reached ****** piety under Kikubaaqudgha
 22032 | Lair:4   | Found a staircase to the Shoals.
 23159 | Lair:5   | Reached XP level 14. HP: 68/76 MP: 23/26
 23327 | Lair:5   | Noticed Nessos
 23346 | Lair:5   | Killed Nessos
 23346 | Lair:5   | Reached skill level 10 in Fighting
 23916 | Lair:3   | Got an ancient glass ring
 23926 | Lair:3   | Got a crude falchion
 23930 | Lair:3   | Got a dazzling ring mail
 23932 | Lair:3   | Identified the ring of the Townfolk {rPois rC+} (You found it on level 3 of the Lair of Beasts)
 23933 | Lair:3   | Identified the +6 falchion of Greed {slice, +Inv Int+4} (You found it on level 3 of the Lair of Beasts)
 23979 | Lair:6   | Entered Level 6 of the Lair of Beasts
 24022 | Lair:5   | Learned a level 5 spell: Agony
 24318 | Lair:6   | Identified the +2 ring mail of Devotion {Int+5} (You found it on level 3 of the Lair of Beasts)
 24504 | Lair:6   | Reached skill level 10 in Stealth
 25273 | Lair:5   | Killed from afar by a lindwurm

Vault maps used:
D:1:      minmay_arrival_arboretum_large
D:2:      yredelemnul_forgotten_temple_becter, old_standard_altar,
          nicolae_overflow_hidden_temple, grunt_dithmenos_smoke
D:3:      bloody_makhleb, first_bread, hangedman_decor_points,
          minmay_misc_feat_room
D:4:      overflow_temple_1_default, serial_shops, nicolae_shop_stone,
          uniq_crazy_yiuf_cottage, uniq_edmund, uniq_grinder, uniq_menkaure,
          uniq_pikel
D:5:      overflow_temple_1_default, basic_altar
D:6:      minmay_temple_entry_statues_pillars, serial_shops, shop
D:7:      minitemple, serial_shops, kennysheep_mini, david_defended_altar_elf
D:8:      minmay_overflow_temple_star_quad, overflow_temple_1_default,
          abandoned_shop, uniq_erica
D:9:      minmay_four_partial_circles, elyvilon_altar_4, david_nohive_1,
          feat_on_display
D:10:     wad_woods_structure_01, uniq_psyche, uniq_nergalle
D:11:     david_lair_shrubbed, serial_shops, shop, minmay_diamond_spiral
D:12:     orc_david_3, lemuel_freeze_loot_1
Temple:   kb_temple_of_zot
Lair:1:   dpeg_oklob_gauntlet
Lair:2:   minmay_snake_entry_guardpost_small, lightli_volcano_entry_magma_tube,
          lemuel_fruit_fields, infiniplex_staircase_pool,
          minmay_lair_oklob_chamber, lemuel_fruit_tree, uniq_harold
Lair:3:   statuecave_lemuel, ice2_lemuel, uniq_rupert
Lair:4:   elwin_shoals_entry_rocks, grunt_megastairs_1,
          infiniplex_staircase_pool_2
Lair:5:   uniq_nessos
Lair:6:   cheibrodos_lair_end_hotspot, nicolae_slime_entry_slimehenge,
          lab_entry_generic, eino_house_with_fridge

Skill      XL: |  1  2  3  4  5  6  7  8  9 10 11 12 13 14 |
---------------+-------------------------------------------+-----
Fighting       | 1 2 3 4 6 7 8 9 10 | 10.2
Stealth        | 1 2 3 4 5 6 7 8 9 10 | 10.0
Dodging        | 2 3 4 5 6 7 8 9 |  9.7
Poison Magic   | 1 2 3 4 5 |  5.0
Shields        | 1 2 3 4 5 6 |  6.8
Spellcasting   | 3 4 5 6 7 |  7.9
Unarmed Combat | 4 5 6 7 8 |  8.4
Transmutations | 3 4 5 6 7 |  7.0
Necromancy     | 1 2 3 5 6 |  6.5
Charms         | 1 3 4 |  4.3

Action                   |  1- 3 |  4- 6 |  7- 9 | 10-12 | 13-15 || total
-------------------------+-------+-------+-------+-------+-------++-------
Melee: Unarmed           |    93 |   136 |   345 |  1297 |   952 ||  2823
       Bite              |    21 |    19 |    34 |   297 |   272 ||   643
       Kick              |     3 |       |       |       |       ||     3
       Headbutt          |     5 |       |       |       |     2 ||     7
       Punch             |       |     1 |     5 |     4 |       ||    10
Throw: Stone             |       |     6 |     3 |    21 |    14 ||    44
 Cast: Beastly Appendage |     5 |       |     1 |       |     1 ||     7
       Spider Form       |     1 |    16 |    33 |    41 |    29 ||   120
       Regeneration      |       |       |     1 |    47 |    35 ||    83
       Animate Skeleton  |       |       |       |     1 |    63 ||    64
Invok: Receive Corpses   |       |       |       |       |     2 ||     2
 Abil: End Transformatio |       |       |     6 |     4 |       ||    10
Evoke: Wand              |       |       |       |     8 |    26 ||    34
  Use: Scroll            |     3 |     4 |     2 |    12 |     8 ||    29
       Potion            |       |     3 |     6 |     7 |     3 ||    19
 Stab: Sleeping          |       |     5 |     7 |    14 |    14 ||    40
       Distracted        |       |     1 |     1 |     2 |     5 ||     9
  Eat: Chunk             |     2 |     7 |     9 |    21 |    18 ||    57
       Royal jelly       |       |     1 |     1 |     1 |     1 ||     4
       Bread ration      |       |     2 |       |     2 |       ||     4
       Fruit             |       |       |       |     4 |     8 ||    12
Armor: Robe              |    11 |    10 |    17 |   209 |   119 ||   366
       Skin              |     2 |       |    15 |    19 |    26 ||    62
Dodge: Dodged            |    45 |   102 |   354 |  1380 |  1050 ||  2931
Block: Buckler           |       |       |       |   210 |   177 ||   387
